 Dungeon Crawl Stone Soup version 0.27-a0-543-gd81048afd2 (webtiles) character file.

Game seed: 6474282087145129571

294 Leibowitz the Cutter (level 6, 0/37 HPs)
             Began as a Kobold Gladiator on Mar 7, 2021.
             Slain by a kobold zombie (2 damage)
             ... on level 4 of the Dungeon.
             The game lasted 00:05:40 (3246 turns).

Leibowitz the Cutter (Kobold Gladiator)             Turns: 3246, Time: 00:05:41

Health: 0/37       AC:  4    Str: 12    XL:     6   Next: 60%
Magic:  6/6        EV: 16    Int:  9    God:
Gold:   129        SH:  0    Dex: 18    Spells: 5/5 levels left

rFire    . . .     SeeInvis .   a - +0 rapier
rCold    + . .     Faith    .   (shield restricted)
rNeg     . . .     Spirit   .   b - +0 leather armour
rPois    .         Reflect  .   c - +0 helmet
rElec    .         Harm     .   (no cloak)
rCorr    .         Rampage  .   (no gloves)
Will     .....                  (no boots)
Stlth    +++.......             (no amulet)
HPRegen  0.12/turn              q - ring of protection from cold
MPRegen  0.10/turn              (no ring)

@: no status effects
A: small, nightstalker 3
a: no special abilities


You were on level 4 of the Dungeon.
You visited 1 branch of the dungeon, and saw 4 of its levels.

You collected 129 gold pieces.

Inventory:

Hand Weapons
 a - a +0 rapier (weapon)
Armour
 b - a +0 leather armour (worn)
 c - a +0 helmet (worn)
Jewellery
 q - a ring of protection from cold (left hand)
Wands
 s - a wand of flame (20)
Scrolls
 e - a scroll of fog {unknown}
 g - a scroll of enchant armour {unknown}
 h - a scroll of identify {unknown}
 i - a scroll of teleportation {unknown}
 k - a scroll of magic mapping {unknown}
 l - a scroll of fear {unknown}
 m - 2 scrolls of enchant weapon {unknown}
 n - a scroll of amnesia {unknown}
Potions
 f - 2 potions of curing {unknown}
 j - a potion of brilliance {unknown}
 o - a potion of invisibility {unknown}
 p - a potion of ambrosia {unknown}
 r - a potion of might {unknown}


   Skills:
 + Level 3.0 Fighting
 + Level 6.7 Short Blades
 - Level 2.2 Throwing
 + Level 1.1 Armour
 + Level 4.7 Dodging
 + Level 3.6 Stealth


You had 5 spell levels left.
You didn't know any spells.
Your spell library was empty.

Dungeon Overview and Level Annotations

Branches:
Dungeon (4/15)
 Temple: D:4-7

Altars:


Innate Abilities, Weirdness & Mutations

You are small and have problems with some larger weapons.
You are completely attuned to the shadows.


Message History

Aim: a gnoll zombie (83% to hit)
You throw a throwing net. The throwing net hits the gnoll zombie.
The gnoll zombie is caught in the net!
The kobold zombie misses you.
The bullfrog skeleton barely misses you.
You strike the helpless gnoll zombie from behind!
You impale the gnoll zombie!!
You destroy the gnoll zombie!
The bullfrog skeleton hits you.
* * * LOW HITPOINT WARNING * * *
The kobold zombie closely misses you. The bullfrog skeleton misses you.
Found a scroll labelled MELYISH WAVA.
You see here a throwing net.
d - a throwing net The bullfrog skeleton hits you.
* * * LOW HITPOINT WARNING * * *
The bullfrog skeleton barely misses you.
Throw: throwing net
Press: ? - help, Q - select action, (/) - cycle Shift-Dir - straight line, f - bullfrog skeleton
Aim: a bullfrog skeleton (moderately damaged, 80% to hit)
You throw a throwing net.
The throwing net hits the bullfrog skeleton.
The bullfrog skeleton is caught in the net!
The bullfrog skeleton is moderately damaged.
The kobold zombie hits you.
* * * LOW HITPOINT WARNING * * *
The bullfrog skeleton struggles against the net.
You hit the bullfrog skeleton but do no damage.
The bullfrog skeleton is moderately damaged.
The bullfrog skeleton struggles against the net.
The kobold zombie closely misses you.
You hit the bullfrog skeleton.
The bullfrog skeleton is heavily damaged.
A rat zombie comes into view.
The bullfrog skeleton struggles against the net.
You hit the bullfrog skeleton.
The bullfrog skeleton is heavily damaged.
The kobold zombie hits you.
You die...

#.Z.?...
#....>...
##........
..........
##..@Z....
.....Z)..(
##..<.....
##.......
##.....#
#######


You could see a rat zombie, a kobold zombie and a bullfrog skeleton (caught).

Vanquished Creatures
  Blork the orc (D:4)
  A bullfrog skeleton (D:3)
  Ijyb (D:3)
  3 gnolls (D:3)
  4 adders
  An ooze (D:2)
  A worm (D:2)
  3 dart slugs (D:2)
  9 orcs (D:3)
  A ball python (D:2)
  4 bats
  7 giant cockroaches
  A gnoll zombie (D:4)
  9 goblins
  9 hobgoblins
  10 jackals
  A quokka (D:2)
  6 frilled lizards
  4 kobolds
  11 rats
87 creatures vanquished.

Notes
Turn   | Place    | Note
-------+----------+-------------------------------------------
     0 | D:1      | Leibowitz the Kobold Gladiator began the quest for the Orb.
     0 | D:1      | Reached XP level 1. HP: 12/12 MP: 1/1
   113 | D:1      | Reached XP level 2. HP: 17/17 MP: 2/2
   886 | D:2      | Reached XP level 3. HP: 11/21 MP: 3/3
  1280 | D:2      | Reached skill level 1 in Stealth
  1367 | D:2      | Reached XP level 4. HP: 21/27 MP: 4/4
  1372 | D:2      | Reached skill level 5 in Short Blades
  2162 | D:3      | Reached XP level 5. HP: 31/31 MP: 5/5
  2330 | D:3      | Reached skill level 6 in Short Blades
  2923 | D:3      | Reached XP level 6. HP: 31/36 MP: 6/6
  3082 | D:4      | Noticed Ijyb
  3094 | D:3      | Killed Ijyb
  3095 | D:3      | Reached skill level 1 in Armour
  3215 | D:4      | Noticed Blork the orc
  3228 | D:4      | Killed Blork the orc
  3246 | D:4      | Slain by a kobold zombie

Illustrated notes

Levels and vault maps discovered:
D:1:      evilmike_arrival_fibonacci_small, layout_rooms, nrook_campfire
D:2:      layout_basic
D:3:      layout_loops_ring
D:4:      layout_rooms, enter_ossuary_3, chequers_serial_rivers_large_a,
          uniq_blork_the_orc, uniq_ijyb, uniq_grinder

Skill      XL: |  1  2  3  4  5  6 |
---------------+-------------------+-----
Dodging        | 4 |  4.7
Stealth        | 1 2 3 |  3.6
Short Blades   | 5 6 |  6.7
Armour         | 1 |  1.1
Fighting       | 3 |  3.0
Throwing       | |  2.2

Action                   |  1- 3 |  4- 6 || total
-------------------------+-------+-------++-------
Melee: Rapier            |    86 |   157 ||   243
Throw: Throwing net      |       |     6 ||     6
 Stab: Sleeping          |     5 |    11 ||    16
       Distracted        |       |     1 ||     1
       Held in net/web   |       |     4 ||     4
Armor: Leather armour    |    16 |    18 ||    34
Dodge: Dodged            |    58 |   116 ||   174

Table legend: (Time is in decaauts)
 A = Elapsed time spent in this place.
 B = Non-inter-level travel time spent in this place.
 C = Inter-level travel time spent in this place.
 D = Time resting spent in this place.
 E = Time spent auto-exploring this place.
 F = Levels seen in this place.
 G = Mean time per level.
                   A        B        C        D        E       F      G
               +--------+--------+--------+--------+--------+-----+--------+
         Total |   3229 |   3044 |    185 |    278 |   2188 |   4 |  807.2 |
       Dungeon |   3229 |   3044 |    185 |    278 |   2188 |   4 |  807.2 |
               +--------+--------+--------+--------+--------+-----+--------+

Top non-repeatable levels by time:
     D:2: 1265 daAuts
     D:3: 1059 daAuts
     D:1: 872 daAuts
     D:4: 32 daAuts
